[Event "FIDE World Rapid Chess Championship 2021"]
[White "Sankalp, Gupta"]
[Black "Harikrishna, Pentala"]
[WhiteFideId "5097010"]
[BlackFideId "5007003"]
[WhiteElo "2266"]
[BlackElo "2705"]
[Result "1-0"]
[Round "10"]
[TimeControl "900+10"]
[Date "2021.12.28"]
[WhiteClock "0:01:14"]
[BlackClock "0:00:21"]

1. d4 Nf6 2. Nf3 d5 3. c3 Bf5 4. Qb3 Qc8 5. c4 e6 6. Nc3 dxc4 7. Qxc4 a6 8. g3 b5 9. Qb3 c5 10. Bg2 Nc6 11. dxc5 Bxc5 12. O-O O-O 13. Bg5 Na5 14. Qd1 b4 15. Nb1 Rd8 16. Nbd2 Nc4 17. Rc1 Nxd2 18. Nxd2 Ra7 19. Qa4 Rc7 20. Nb3 h6 21. Bf4 e5 22. Bxe5 Bxf2+ 23. Kxf2 Ng4+ 24. Kg1 Rxc1 25. Rxc1 Qe6 26. Qa5 Re8 27. Bd4 Qg6 28. Qb6 Qg5 29. Re1 Be4 30. Bxe4 Rxe4 31. Qc5 f5 32. e3 Qh5 33. Qc2 Kh7 34. Nc5 Re7 35. Rf1 g6 36. Nd3 Rc7 37. Qxc7+ 1-0


[Site "http://www.Chess.com"]

[Event "FIDE World Rapid Chess Championship 2021"]
[White "Yuffa, Daniil"]
[Black "Oparin, Grigoriy"]
[WhiteFideId "24131423"]
[BlackFideId "24125890"]
[WhiteElo "2514"]
[BlackElo "2725"]
[Result "1-0"]
[Round "10"]
[TimeControl "900+10"]
[Date "2021.12.28"]
[WhiteClock "0:00:05"]
[BlackClock "0:00:30"]

1. d4 Nf6 2. c4 e6 3. g3 d5 4. Bg2 dxc4 5. Nf3 Bb4+ 6. Bd2 a5 7. O-O O-O 8. Qc2 b5 9. a4 Bxd2 10. Nfxd2 Ra7 11. axb5 Qxd4 12. Nxc4 Bd7 13. Qb3 Qc5 14. Nc3 Nd5 15. Nxd5 exd5 16. Na3 Be6 17. Rac1 Qb4 18. Qxb4 axb4 19. Nc2 c5 20. Ne3 d4 21. Nd5 Nd7 22. b6 Ra2 23. b7 Rb8 24. Nxb4 Ra4 25. Nd3 Rc4 26. Rxc4 Bxc4 27. Ra1 Kf8 28. Ra8 Bxd3 29. exd3 Ke7 30. Bc6 Kd6 31. Bxd7 Rxb7 32. Bc8 Rxb2 33. Ra1 c4 34. dxc4 Kc5 35. Bg4 g6 36. Ra7 f5 37. Bf3 d3 38. Rxh7 Kxc4 39. h4 Rb6 40. Rc7+ Kd4 41. Rc6 1-0


[Site "http://www.Chess.com"]

[Event "FIDE World Rapid Chess Championship 2021"]
[White "Nguyen, Thai Dai Van"]
[Black "Antipov, Mikhail Al."]
[WhiteFideId "358878"]
[BlackFideId "4107012"]
[WhiteElo "2488"]
[BlackElo "2644"]
[Result "0-1"]
[Round "10"]
[TimeControl "900+10"]
[Date "2021.12.28"]
[WhiteClock "0:00:31"]
[BlackClock "0:02:04"]

1. d4 Nf6 2. c4 g6 3. Nc3 d5 4. cxd5 Nxd5 5. Bd2 c5 6. Rc1 Nc6 7. dxc5 Bg7 8. e4 Ndb4 9. a3 Nd3+ 10. Bxd3 Qxd3 11. Nge2 Bg4 12. f3 Be6 13. Nf4 Qd7 14. Nxe6 Qxe6 15. Nd5 Rc8 16. Bc3 Bxc3+ 17. Rxc3 Qe5 18. O-O e6 19. Nb4 O-O 20. Qd6 Qf6 21. Nxc6 bxc6 22. Qd2 Rfd8 23. Qe3 a5 24. h3 Rd4 25. e5 Qd8 26. b3 Qd5 27. Kh2 Rd8 28. Rf2 Rd1 29. b4 axb4 30. axb4 Rb1 31. Rcc2 Rxb4 32. Rfd2 Rd4 33. Rxd4 Qxd4 34. Qg5 h6 35. Qf6 Ra8 36. Rc1 Rb8 37. Rc2 Qe3 38. h4 Qd4 39. Kg3 Ra8 40. h5 g5 41. f4 Qd3+ 42. Kh2 Qxc2 43. fxg5 Qf5 44. Qxh6 Qxe5+ 0-1


[Site "http://www.Chess.com"]

[Event "FIDE World Rapid Chess Championship 2021"]
[White "Sjugirov, Sanan"]
[Black "Michalik, Peter"]
[WhiteFideId "4189302"]
[BlackFideId "14907526"]
[WhiteElo "2634"]
[BlackElo "2515"]
[Result "1-0"]
[Round "10"]
[TimeControl "900+10"]
[Date "2021.12.28"]
[WhiteClock "0:00:44"]
[BlackClock "0:00:22"]

1. e4 e5 2. Nf3 Nc6 3. Bc4 Bc5 4. d3 Nf6 5. Nbd2 O-O 6. O-O h6 7. h3 Re8 8. c3 a6 9. Re1 d6 10. a4 Be6 11. b4 Bxc4 12. Nxc4 Ba7 13. Be3 Bxe3 14. Nxe3 a5 15. b5 Ne7 16. c4 Ng6 17. Nf5 Qd7 18. Rc1 c5 19. bxc6 bxc6 20. c5 d5 21. Nd6 Re7 22. Rb1 Ne8 23. Nf5 Re6 24. Qb3 Rd8 25. Qc3 Ra8 26. g3 d4 27. Qc4 Ne7 28. Rb6 Kh7 29. N5h4 Nc8 30. Rb2 g6 31. Reb1 Ra7 32. Rb8 Re7 33. Kg2 Kg7 34. Nd2 Nc7 35. R1b7 Rxb7 36. Rxb7 Qd8 37. Nhf3 f6 38. Nb3 Ne6 39. Rxe7+ Qxe7 40. Nxa5 Nxc5 41. Nxc6 Qd6 42. Nd8 Qxd8 43. Qxc5 Nd6 44. a5 Qd7 45. a6 Nc8 46. Nd2 Na7 47. Nc4 h5 48. Nb6 Qd8 49. Nd5 Qd7 50. Qb6 Qf7 51. Nc7 Nc8 52. Qb7 1-0


[Site "http://www.Chess.com"]

[Event "FIDE World Rapid Chess Championship 2021"]
[White "Janik, Igor"]
[Black "Halkias, Stelios"]
[WhiteFideId "1159259"]
[BlackFideId "4201809"]
[WhiteElo "2462"]
[BlackElo "2576"]
[Result "0-1"]
[Round "10"]
[TimeControl "900+10"]
[Date "2021.12.28"]
[WhiteClock "0:00:17"]
[BlackClock "0:00:40"]

1. d4 Nf6 2. c4 g6 3. g3 Bg7 4. Bg2 c5 5. d5 O-O 6. Nc3 e6 7. Nf3 exd5 8. cxd5 d6 9. O-O Re8 10. Re1 a6 11. a4 h6 12. Nd2 Nbd7 13. h3 Rb8 14. Nc4 Ne5 15. Nxe5 Rxe5 16. e4 Re8 17. Bf4 Nh5 18. Be3 b5 19. axb5 axb5 20. Qd2 b4 21. Ne2 Nf6 22. Bxh6 Nxe4 23. Bxe4 Rxe4 24. Bxg7 Kxg7 25. Nf4 Rxe1+ 26. Rxe1 Bd7 27. Re4 Qf6 28. Qe2 Bb5 29. Qg4 Rh8 30. b3 Ba6 31. h4 Bc8 32. Qe2 Bf5 33. Re7 Ra8 34. Kg2 Kf8 35. Re3 Bd7 36. h5 g5 37. Ne6+ Kg8 38. Nc7 Ra1 39. Ne8 Qf5 40. g4 Qb1 41. f4 Qh1+ 42. Kf2 Qg1+ 43. Kf3 Bxg4+ 0-1


[Site "http://www.Chess.com"]

[Event "FIDE World Rapid Chess Championship 2021"]
[White "Sadhwani, Raunak"]
[Black "Ter-Sahakyan, Samvel"]
[WhiteFideId "35093487"]
[BlackFideId "13302531"]
[WhiteElo "2454"]
[BlackElo "2573"]
[Result "1/2-1/2"]
[Round "10"]
[TimeControl "900+10"]
[Date "2021.12.28"]
[WhiteClock "0:00:00"]
[BlackClock "0:00:00"]

1. c4 e5 2. g3 c6 3. Nf3 e4 4. Nd4 d5 5. cxd5 Qxd5 6. Nc2 Nf6 7. Nc3 Qe5 8. Bg2 Na6 9. Ne3 Be7 10. Qc2 Nc5 11. b4 Ne6 12. Bb2 Nd4 13. Qb1 Qh5 14. h3 Bxb4 15. g4 Qe5 16. Nxe4 Nxe4 17. Qxe4 Qxe4 18. Bxe4 Ne6 19. a3 Ba5 20. f4 O-O 21. f5 Nc5 22. Bc2 Re8 23. Nc4 Bc7 24. d4 Ne4 25. Bxe4 Rxe4 26. Kf2 f6 27. Nd2 Re7 28. e4 Bd7 29. Kf3 Rae8 30. Bc3 g6 31. Rhg1 a5 32. a4 Kf7 33. Rab1 gxf5 34. gxf5 Bxf5 35. Rxb7 Bg6 36. Rf1 Bh5+ 37. Ke3 Rg8 38. Kd3 Rg3+ 39. Kc2 Bg6 40. Kb2 Bd6 41. Rxe7+ Kxe7 42. Bxa5 c5 43. Bc3 cxd4 44. Bxd4 Rxh3 45. Bxf6+ Kd7 46. Bc3 Rh2 47. Kb3 Rh3 48. Kc4 Bh5 49. Rf2 Rh2 50. Rf6 Rh3 51. Bd4 Be7 52. Rf2 Ra3 53. Kb5 Be8 54. a5 Ke6+ 55. Ka6 Ra4 56. Bb6 Bc6 57. Rh2 Ra2 58. Rh6+ Kd7 59. Nc4 Bxe4 60. Ne5+ Ke8 61. Rh3 Bg5 62. Rg3 h6 63. Rc3 Ke7 64. Nf3 Ke6 65. Nd4+ Kd6 66. Nb5+ Ke6 67. Ka7 Bd2 68. Nc7+ Kf5 69. Rc5+ Kg4 70. a6 h5 71. Rc4 Kf3 72. Nb5 Bd3 73. Rc5 h4 74. Rd5 Be4 75. Nd4+ Kg4 76. Rd8 h3 77. Rg8+ Kh5 78. Rh8+ Kg4 79. Rg8+ Kh5 80. Rh8+ Kg4 81. Rg8+ Kh5 82. Rh8+ Bh6 83. Nb5 Bd3 84. Be3 Bxb5 85. Rxh6+ Kg4 86. Bg1 Bd3 87. Kb7 Kg3 88. Bd4 Kg2 89. Be5 Rxa6 1/2-1/2


[Site "http://www.Chess.com"]

[Event "FIDE World Rapid Chess Championship 2021"]
[White "Jakubowski, Krzysztof"]
[Black "Vakhidov, Jakhongir"]
[WhiteFideId "1112848"]
[BlackFideId "14201801"]
[WhiteElo "2399"]
[BlackElo "2566"]
[Result "0-1"]
[Round "10"]
[TimeControl "900+10"]
[Date "2021.12.28"]
[WhiteClock "0:00:24"]
[BlackClock "0:01:42"]

1. e4 c5 2. c3 d5 3. exd5 Qxd5 4. Nf3 g6 5. d4 Bg7 6. Nbd2 cxd4 7. Bc4 Qa5 8. cxd4 Nf6 9. Ne5 O-O 10. O-O Nc6 11. Nb3 Qc7 12. Qe2 e6 13. Bd2 Nd5 14. f4 Qb6 15. Qf2 Rd8 16. Rac1 Nf6 17. Be3 Nd5 18. Bd2 a5 19. a4 Nce7 20. Bb5 Nf5 21. Kh1 Nd6 22. Nc4 Nxc4 23. Rxc4 Nc7 24. Qh4 Nxb5 25. axb5 Bd7 26. Rfc1 Bxb5 27. Rc7 Bc6 28. Qe7 Rf8 29. Nxa5 Rxa5 30. Bxa5 Qxa5 0-1


[Site "http://www.Chess.com"]

[Event "FIDE World Rapid Chess Championship 2021"]
[White "Vokhidov, Shamsiddin"]
[Black "Sychev, Klementy"]
[WhiteFideId "14204223"]
[BlackFideId "4114060"]
[WhiteElo "2546"]
[BlackElo "2461"]
[Result "1/2-1/2"]
[Round "10"]
[TimeControl "900+10"]
[Date "2021.12.28"]
[WhiteClock "0:00:49"]
[BlackClock "0:01:32"]

1. e4 e5 2. Nf3 Nc6 3. Bb5 a6 4. Ba4 Nf6 5. O-O Bc5 6. c3 b5 7. Bc2 d5 8. d4 dxe4 9. Nbd2 exf3 10. Qxf3 Bb7 11. dxc5 Nd4 12. Qxb7 Rb8 13. Qxa6 Ra8 14. Qb7 Rb8 15. Qxb8 Ne2+ 16. Kh1 Qxb8 17. Re1 Nxc1 18. Rxe5+ Kd7 19. Rxc1 Re8 20. Nf3 Rxe5 21. Nxe5+ Ke8 22. Bb3 Qa7 23. Bxf7+ Kf8 24. b4 Nd7 25. Nxd7+ Kxf7 26. Ne5+ Kf6 27. Ng4+ Kg5 28. h3 Qxa2 29. Rf1 Qd2 30. f4+ Kf5 31. Rf3 h5 32. Nf2 h4 33. Kh2 Qe1 34. Ng4 Qd2 35. Ne3+ Ke4 36. Ng4 Kf5 37. Ne5 Qd5 38. Rf2 Qe4 39. Rf3 Qd5 40. Nd3 Qe4 41. Nf2 Qd5 42. Ng4 Qd2 43. Nf2 Qd5 44. Kg1 Qd2 45. Ng4 Qc1+ 46. Kh2 Qd2 47. Ne5 Qd5 48. Rf1 Qd2 49. Rf3 1/2-1/2


[Site "http://www.Chess.com"]

[Event "FIDE World Rapid Chess Championship 2021"]
[White "Zvjaginsev, Vadim"]
[Black "Faizrakhmanov, Ramil"]
[WhiteFideId "4113403"]
[BlackFideId "24103209"]
[WhiteElo "2539"]
[BlackElo "2461"]
[Result "1/2-1/2"]
[Round "10"]
[TimeControl "900+10"]
[Date "2021.12.28"]
[WhiteClock "0:00:19"]
[BlackClock "0:00:18"]

1. e4 c6 2. Nc3 d5 3. Qe2 d4 4. Nb1 e5 5. d3 Bd6 6. g3 c5 7. h4 Nc6 8. Bh3 Nge7 9. Kf1 O-O 10. Kg2 b5 11. Nf3 Bxh3+ 12. Rxh3 Rc8 13. a4 a6 14. Nbd2 Bb8 15. b3 Nb4 16. Qd1 Qd7 17. Ba3 f5 18. axb5 axb5 19. Bxb4 cxb4 20. exf5 Qxf5 21. Ne4 Nd5 22. h5 Nc3 23. Nxc3 Rxc3 24. Rh4 Rc7 25. g4 Qf4 26. g5 Qf5 27. Rh3 Qg4+ 28. Rg3 Qxh5 29. Qe2 e4 30. Qxe4 Rxc2 31. Qe6+ Qf7 32. Qxf7+ Rxf7 33. Rg4 Rf4 34. Rxf4 Bxf4 35. Nxd4 Rd2 36. Ne6 Be5 37. Re1 Bc3 38. Re3 Kf7 39. Nc7 Kg6 40. Nxb5 Kxg5 41. Kg3 Rd1 42. f4+ Kf6 43. Kf3 h5 44. Ke4 Re1 45. Rxe1 Bxe1 46. Kf3 Bd2 47. Nd6 Ke6 48. Nc4 Bc1 49. Ke4 h4 50. Ne5 h3 51. Ng4 Bd2 52. f5+ Kd6 53. d4 Be1 54. Kf3 Bh4 55. Ne3 Bg5 56. Nc2 Bd2 57. Kg3 Kd5 58. Kxh3 Ke4 59. Kg4 Kd3 60. Nxb4+ Bxb4 61. Kg5 Kxd4 62. Kg6 Ke5 1/2-1/2


[Site "http://www.Chess.com"]

[Event "FIDE World Rapid Chess Championship 2021"]
[White "Donchenko, Alexander"]
[Black "Heberla, Bartlomiej"]
[WhiteFideId "24603295"]
[BlackFideId "1115120"]
[WhiteElo "2535"]
[BlackElo "2437"]
[Result "1-0"]
[Round "10"]
[TimeControl "900+10"]
[Date "2021.12.28"]
[WhiteClock "0:01:14"]
[BlackClock "0:00:53"]

1. Nf3 d5 2. g3 Nf6 3. Bg2 e6 4. c4 d4 5. d3 Nc6 6. Nbd2 e5 7. O-O a5 8. a4 Bb4 9. Nb3 O-O 10. e3 dxe3 11. Bxe3 Re8 12. d4 exd4 13. Nbxd4 Nxd4 14. Nxd4 c6 15. Nc2 Qxd1 16. Raxd1 Bg4 17. Ra1 Bd6 18. Rfe1 Bf5 19. Nd4 Bd3 20. b3 Bb4 21. Red1 Bg6 22. Bd2 Bh5 23. Nf3 Bxd2 24. Rxd2 Ne4 25. Rb2 Nc5 26. Re1 Rxe1+ 27. Nxe1 Rd8 28. Bf3 Bg6 29. Kf1 Re8 30. Be2 Bf5 31. g4 Bg6 32. h4 h6 33. Ng2 Re4 34. Rd2 Kf8 35. Bd1 Ke8 36. h5 Bh7 37. Bc2 Rxg4 38. Bxh7 Nxb3 39. Re2+ Kf8 40. Ne3 Rg5 41. Bc2 Nc5 42. Nf5 Rxh5 43. Nd6 Ne6 44. Bf5 Rh1+ 45. Kg2 Rd1 46. Bxe6 Rxd6 47. Bc8 b6 48. Bb7 f6 49. Rb2 c5 50. Bd5 g5 51. Kf3 Kg7 52. Kg4 Kg6 53. Be4+ Kg7 54. Kf5 h5 55. Bd5 h4 56. f4 Kh6 57. Rg2 Rd8 58. fxg5+ fxg5 59. Rxg5 Rf8+ 60. Kg4 Rf1 61. Re5 Ra1 62. Re6+ Kg7 63. Bc6 Kf7 64. Rh6 Kg7 65. Rd6 1-0


[Site "http://www.Chess.com"]

[Event "FIDE World Rapid Chess Championship 2021"]
[White "Gabuzyan, Hovhannes"]
[Black "Van Foreest, Lucas"]
[WhiteFideId "13303732"]
[BlackFideId "1039792"]
[WhiteElo "2535"]
[BlackElo "2374"]
[Result "1-0"]
[Round "10"]
[TimeControl "900+10"]
[Date "2021.12.28"]
[WhiteClock "0:07:55"]
[BlackClock "0:05:02"]

1. Nf3 d5 2. g3 Nf6 3. Bg2 e6 4. O-O Be7 5. d3 O-O 6. Nbd2 c5 7. e4 Nc6 8. Re1 h6 9. b3 Qc7 10. Bb2 d4 11. Nh4 g5 12. Nhf3 e5 13. h4 Ne8 14. Bc1 Be6 15. Nh2 Ng7 16. hxg5 hxg5 17. Bf3 Qd7 18. Bg4 f6 19. a3 Kf7 20. Bxe6+ Qxe6 21. Qg4 Rh8 22. Ndf3 Qxg4 23. Nxg4 b5 24. a4 Nb4 25. Re2 a6 26. Ba3 Nc6 27. Nd2 Ne6 28. Kg2 Bf8 29. Ree1 Bg7 30. Ra2 Rhc8 31. Rea1 Rab8 32. Nh2 Rc7 33. Nhf3 Ne7 34. Kh3 Rh8+ 35. Kg2 Rb8 36. Kh3 Kg6 37. Kg4 Ng8 38. Ne1 Nh6+ 39. Kf3 Nf7 40. axb5 axb5 41. Bb2 Rh8 42. Ra6 Re7 43. Rb6 b4 44. Nc4 Rh2 45. Bc1 g4+ 46. Kxg4 Rxf2 47. Nf3 Kh7 48. Nh4 Re8 49. Ra7 Ned8 50. Nf5 Rg8 51. Kh3 Rh8 52. Ncd6 Bf8 53. Nxf7 Nxf7 54. Rxf6 Kg8+ 55. Kg4 1-0


[Site "http://www.Chess.com"]

[Event "FIDE World Rapid Chess Championship 2021"]
[White "Pichot, Alan"]
[Black "Szpar, Milosz"]
[WhiteFideId "110973"]
[BlackFideId "1184989"]
[WhiteElo "2523"]
[BlackElo "2315"]
[Result "1-0"]
[Round "10"]
[TimeControl "900+10"]
[Date "2021.12.28"]
[WhiteClock "0:02:28"]
[BlackClock "0:00:28"]

1. e4 c5 2. Nf3 e6 3. d4 cxd4 4. Nxd4 Nf6 5. Nc3 Nc6 6. Be2 d6 7. Be3 Be7 8. Qd3 O-O 9. O-O-O Ne5 10. Qd2 Neg4 11. Kb1 Bd7 12. f4 Nxe3 13. Qxe3 Bc6 14. g4 Qb6 15. g5 Nd7 16. Qd2 Nc5 17. Bf3 Rfe8 18. h4 Bf8 19. h5 e5 20. Nxc6 bxc6 21. g6 Rab8 22. b3 Ne6 23. Ne2 h6 24. Bg4 fxg6 25. hxg6 Qb4 26. Qe3 Nc5 27. fxe5 Nxe4 28. Rd4 1-0


[Site "http://www.Chess.com"]

[Event "FIDE World Rapid Chess Championship 2021"]
[White "Teclaf, Pawel"]
[Black "Murzin, Volodar"]
[WhiteFideId "1185934"]
[BlackFideId "44155573"]
[WhiteElo "2345"]
[BlackElo "2523"]
[Result "0-1"]
[Round "10"]
[TimeControl "900+10"]
[Date "2021.12.28"]
[WhiteClock "0:00:05"]
[BlackClock "0:00:43"]

1. e4 c6 2. Nf3 d5 3. d3 g6 4. Nbd2 Bg7 5. Be2 e5 6. O-O Ne7 7. b4 O-O 8. a4 a5 9. bxa5 Rxa5 10. Nb3 Ra8 11. Re1 Qc7 12. Bb2 Rd8 13. Qc1 Na6 14. Bf1 Bg4 15. Nfd2 Be6 16. d4 dxe4 17. dxe5 Bh6 18. Nd4 Qb6 19. a5 Qa7 20. Bxa6 bxa6 21. Rxe4 c5 22. N4f3 Qd7 23. Bc3 Nd5 24. Bb2 Nb4 25. Bc3 Na2 26. Rxa2 Bxa2 27. Rh4 Bg7 28. h3 Bd5 29. Qa1 Bxf3 30. gxf3 Qf5 31. e6 Rxd2 32. Bxg7 Qxf3 0-1


[Site "http://www.Chess.com"]

[Event "FIDE World Rapid Chess Championship 2021"]
[White "Christiansen, Johan-Sebastian"]
[Black "Samunenkov, Ihor"]
[WhiteFideId "1512668"]
[BlackFideId "14187086"]
[WhiteElo "2522"]
[BlackElo "2259"]
[Result "0-1"]
[Round "10"]
[TimeControl "900+10"]
[Date "2021.12.28"]
[WhiteClock "0:00:13"]
[BlackClock "0:00:33"]

1. c4 c5 2. Nc3 Nc6 3. Nf3 Nf6 4. g3 d5 5. cxd5 Nxd5 6. Bg2 Nxc3 7. bxc3 e5 8. O-O Be7 9. Rb1 O-O 10. d3 Qc7 11. Nd2 b6 12. Nc4 Be6 13. Qa4 Bd7 14. Qc2 Rad8 15. f4 Bf6 16. f5 Ne7 17. g4 h6 18. Nd2 Bg5 19. Nc4 f6 20. e3 h5 21. e4 Bxc1 22. Rbxc1 hxg4 23. Ne3 Be8 24. Nxg4 c4 25. d4 exd4 26. cxd4 Rxd4 27. Qf2 Nc6 28. Ne3 b5 29. Nd5 Qe5 30. Nf4 Bf7 31. Rfe1 Rfd8 32. Nd5 Ne7 33. Ne3 Rd2 34. Qh4 R8d3 35. Ng4 Qb2 36. Bf1 Qd4+ 37. Kh1 Nxf5 38. Nxf6+ gxf6 39. Qg4+ Kf8 40. Bxd3 Rxd3 41. Qxf5 Rd2 42. Rf1 Qb2 43. Qc8+ Be8 44. Qc5+ Kf7 45. Qh5+ Ke7 46. Qh7+ Kd8 47. Qh4 Kc8 48. a4 a6 49. axb5 axb5 50. Ra1 Bc6 51. Ra7 Qe5 52. Re1 f5 53. Re7 Rxh2+ 54. Qxh2 Qxe7 55. Kg1 Bxe4 56. Qf4 c3 57. Qe3 Qg7+ 0-1


[Site "http://www.Chess.com"]

[Event "FIDE World Rapid Chess Championship 2021"]
[White "Erigaisi, Arjun"]
[Black "Mamedov, Rauf"]
[WhiteFideId "35009192"]
[BlackFideId "13401653"]
[WhiteElo "2397"]
[BlackElo "2690"]
[Result "0-1"]
[Round "10"]
[TimeControl "900+10"]
[Date "2021.12.28"]
[WhiteClock "0:00:20"]
[BlackClock "0:00:51"]

1. d4 d5 2. c4 e6 3. Nf3 Nf6 4. g3 c5 5. cxd5 exd5 6. Bg2 Nc6 7. O-O Be7 8. Nc3 O-O 9. Bg5 c4 10. Ne5 Be6 11. f4 Ng4 12. Bxe7 Nxe7 13. Qd2 Nxe5 14. fxe5 Rb8 15. a4 a6 16. e4 b5 17. axb5 axb5 18. exd5 Nxd5 19. Ne4 b4 20. Rac1 Rc8 21. Rf2 Qa5 22. Ng5 c3 23. Qd3 g6 24. b3 Qa3 25. Rb1 Qa7 26. Rc1 Qa3 27. Rb1 Qa7 28. Rc1 Rfd8 29. g4 Qe7 30. Ne4 Bxg4 31. Qg3 Be6 32. Ng5 c2 33. Ne4 Qa7 34. Nc5 Nc3 35. Qe3 Nd1 0-1


[Site "http://www.Chess.com"]

[Event "FIDE World Rapid Chess Championship 2021"]
[White "Smirin, Ilia"]
[Black "Tang, Andrew"]
[WhiteFideId "2801990"]
[BlackFideId "2059630"]
[WhiteElo "2663"]
[BlackElo "2427"]
[Result "1-0"]
[Round "10"]
[TimeControl "900+10"]
[Date "2021.12.28"]
[WhiteClock "0:03:51"]
[BlackClock "0:00:13"]

1. e4 e5 2. Nf3 Nc6 3. Bb5 a6 4. Ba4 Nf6 5. O-O Be7 6. Re1 b5 7. Bb3 O-O 8. d3 d6 9. c3 Na5 10. Bc2 c5 11. Nbd2 Re8 12. Nf1 g6 13. d4 cxd4 14. cxd4 exd4 15. Nxd4 Bf8 16. b3 Bb7 17. Ng3 Bg7 18. Bb2 Qb6 19. Qd2 d5 20. Ndf5 gxf5 21. Nxf5 Nh5 22. Nxg7 Nxg7 23. exd5 Qd6 24. Qg5 Qf8 25. Bf6 Rac8 26. Rxe8 Rxe8 27. Qh6 Nf5 28. Qh5 Qh6 29. Qxf5 Bxd5 30. Bc3 Be6 31. Qe5 f6 32. Qg3+ 1-0


[Site "http://www.Chess.com"]

[Event "FIDE World Rapid Chess Championship 2021"]
[White "Jumabayev, Rinat"]
[Black "Cuenca Jimenez, Jose Fernando"]
[WhiteFideId "13702661"]
[BlackFideId "2255570"]
[WhiteElo "2562"]
[BlackElo "2421"]
[Result "1/2-1/2"]
[Round "10"]
[TimeControl "900+10"]
[Date "2021.12.28"]
[WhiteClock "0:00:52"]
[BlackClock "0:00:24"]

1. e4 e5 2. Nf3 Nc6 3. Bc4 Bc5 4. c3 Nf6 5. d3 d6 6. O-O a5 7. Nbd2 O-O 8. h3 h6 9. Re1 Be6 10. Bb5 Qb8 11. Nf1 Qa7 12. Be3 Bxe3 13. Nxe3 Ne7 14. Nh4 Qb6 15. a4 c6 16. Bc4 Qxb2 17. Rb1 Qxc3 18. Bxe6 fxe6 19. Rxb7 Rf7 20. Qb1 d5 21. Rc1 Qa3 22. Nf3 Qd6 23. Qb2 Nd7 24. Rxd7 Qxd7 25. Nxe5 Qc7 26. Nxf7 Kxf7 27. Rb1 Ra7 28. g3 Kg8 29. Kg2 Kh7 30. h4 Nc8 31. Ng4 Nd6 32. Qe5 Qe7 33. Rb6 Qc7 34. Rb3 Qe7 35. Qc3 Qc7 36. Qe5 Qe7 37. Ne3 Qd7 38. h5 Rb7 39. Rxb7 Nxb7 40. Ng4 Qd6 41. Qb2 Qb4 42. Qc2 Qc5 43. Qe2 Qd4 44. exd5 Qxd5+ 45. Kg1 Nc5 46. Ne5 Nxa4 47. d4 Qxd4 48. Qc2+ Kg8 49. Nxc6 Qg4 50. Nxa5 Nb6 51. Nc6 Nd5 52. Ne5 Qxh5 53. Qc8+ Kh7 54. Qxe6 Nf6 55. Qd6 Qf5 56. Qd4 Qb1+ 57. Kh2 Qf5 58. Nd3 Qf3 59. Kg1 Qf5 60. Qe3 Ng4 61. Qe2 Nf6 1/2-1/2


[Site "http://www.Chess.com"]

[Event "FIDE World Rapid Chess Championship 2021"]
[White "Kobalia, Mikhail"]
[Black "Saraci, Nderim"]
[WhiteFideId "4119150"]
[BlackFideId "6351921"]
[WhiteElo "2543"]
[BlackElo "2414"]
[Result "1/2-1/2"]
[Round "10"]
[TimeControl "900+10"]
[Date "2021.12.28"]
[WhiteClock "0:00:00"]
[BlackClock "0:00:00"]

1. e4 e5 2. Nf3 Nc6 3. Bb5 a6 4. Ba4 g6 5. c3 d6 6. Bxc6+ bxc6 7. d4 f6 8. O-O Bg7 9. c4 Nh6 10. c5 Nf7 11. cxd6 cxd6 12. Qc2 Bd7 13. Be3 O-O 14. Nbd2 d5 15. dxe5 fxe5 16. Bc5 Re8 17. Rfe1 Be6 18. Qa4 Qc8 19. Rac1 Qb7 20. Ba3 Qb5 21. Qd1 d4 22. b3 a5 23. Rc5 Qb7 24. Nc4 Bf8 25. Rxa5 Bxa3 26. Rxa3 Bxc4 27. Rxa8 Rxa8 28. bxc4 Rxa2 29. h3 Qb2 30. Rf1 Qc2 31. Qe1 Qxc4 32. Qb1 Ra8 33. Qb7 Re8 34. Ra1 Qe6 35. Ra7 Qf6 36. Ra6 Ng5 37. Nxg5 Qxg5 38. Qxc6 Rf8 39. g3 Rxf2 40. Kxf2 Qd2+ 41. Kf3 Qd1+ 42. Kf2 Qd2+ 1/2-1/2


[Site "http://www.Chess.com"]

[Event "FIDE World Rapid Chess Championship 2021"]
[White "Gagunashvili, Merab"]
[Black "Bellahcene, Bilel"]
[WhiteFideId "13601652"]
[BlackFideId "696358"]
[WhiteElo "2538"]
[BlackElo "2397"]
[Result "1/2-1/2"]
[Round "10"]
[TimeControl "900+10"]
[Date "2021.12.28"]
[WhiteClock "0:01:28"]
[BlackClock "0:03:03"]

1. d4 Nf6 2. c4 e6 3. Nc3 Bb4 4. Qc2 c5 5. dxc5 Bxc5 6. Nf3 b6 7. Bf4 Bb7 8. Rd1 Nc6 9. e3 h6 10. Be2 Nh5 11. Bd6 Bxd6 12. Rxd6 Qe7 13. Rd2 O-O 14. O-O Nf6 15. Rfd1 Rfd8 16. h3 d6 17. a3 Rac8 18. b4 Ne5 19. Nxe5 dxe5 20. Nb5 Rxd2 21. Qxd2 Bc6 22. Nc3 Kf8 23. Qb2 Rd8 24. Rxd8+ Qxd8 25. Qc2 Qd6 26. Qd3 Ke7 27. Kf1 a5 28. Qxd6+ Kxd6 29. h4 axb4 30. axb4 g5 31. hxg5 hxg5 32. g3 Ne4 33. Nxe4+ Bxe4 34. Ke1 Bc6 35. Kd2 f6 36. Kc3 Bd7 37. Bf3 Be8 38. Be2 Bd7 39. Bf1 Bc6 40. b5 Bf3 41. Kb4 f5 42. Bd3 Bb7 43. c5+ bxc5+ 44. Ka5 Bd5 45. b6 c4 46. Bc2 Bb7 47. Kb5 c3 48. Bb3 f4 49. Kb4 fxe3 50. fxe3 Kc6 51. Kxc3 Kxb6 1/2-1/2


[Site "http://www.Chess.com"]

[Event "FIDE World Rapid Chess Championship 2021"]
[White "Thybo, Jesper Sondergaard"]
[Black "Durarbayli, Vasif"]
[WhiteFideId "1438832"]
[BlackFideId "13402935"]
[WhiteElo "2401"]
[BlackElo "2532"]
[Result "0-1"]
[Round "10"]
[TimeControl "900+10"]
[Date "2021.12.28"]
[WhiteClock "0:00:38"]
[BlackClock "0:00:48"]

1. d4 Nf6 2. Nf3 e6 3. Bf4 d5 4. e3 Bd6 5. Bg3 c5 6. c3 O-O 7. Nbd2 Nc6 8. Bd3 b6 9. Ne5 Bb7 10. O-O Qc7 11. f4 Ne7 12. Qb1 g6 13. Bh4 Ne8 14. g4 f6 15. Nef3 Ng7 16. Bg3 Rae8 17. Qe1 Nc6 18. g5 fxg5 19. Nxg5 cxd4 20. cxd4 Nb4 21. Rc1 Qd7 22. Be2 Nxa2 23. Ra1 Nb4 24. Rxa7 Ra8 25. Rxa8 Rxa8 26. Ndf3 Nf5 27. Ne5 Qe7 28. Qd2 Rc8 29. Rc1 Rxc1+ 30. Qxc1 Bxe5 31. dxe5 h6 32. Nf3 Qc5 33. Qxc5 bxc5 34. Bf2 Ba6 35. Bxa6 Nxa6 36. Nd2 Kf7 37. Kf1 g5 38. h3 gxf4 39. exf4 c4 40. Ke2 Nb4 41. Bb6 Nd3 0-1


[Site "http://www.Chess.com"]

[Event "FIDE World Rapid Chess Championship 2021"]
[White "Zilka, Stepan"]
[Black "Wieczorek, Oskar"]
[WhiteFideId "315303"]
[BlackFideId "1133950"]
[WhiteElo "2474"]
[BlackElo "2367"]
[Result "1/2-1/2"]
[Round "10"]
[TimeControl "900+10"]
[Date "2021.12.28"]
[WhiteClock "0:01:24"]
[BlackClock "0:00:43"]

1. e4 c5 2. Nf3 g6 3. d4 cxd4 4. Nxd4 Nc6 5. c4 Nf6 6. Nc3 d6 7. Be2 Nxd4 8. Qxd4 Bg7 9. Be3 O-O 10. Qd2 a5 11. O-O a4 12. h3 Qa5 13. Rab1 Be6 14. Rfc1 Rfc8 15. b3 axb3 16. axb3 Qb4 17. Qe1 h5 18. Bd2 Qb6 19. Bf1 Nd7 20. Nb5 Ra2 21. Be3 Qd8 22. b4 Ne5 23. c5 dxc5 24. Rd1 Qe8 25. bxc5 Nc4 26. Bd4 Bh6 27. Bxc4 Bxc4 28. Nc3 Rc2 29. Rxb7 Rd8 30. Nd5 Re2 31. Qc3 Bxd5 32. exd5 e5 33. dxe6 Rxe6 34. Rdb1 Bf4 35. g3 Bh6 36. h4 Bf8 37. R7b6 Re4 38. Be3 Bg7 39. Qb3 Kh7 40. Rb7 Re6 41. Rb6 Re4 42. Rb7 Re6 43. Rb8 Rxb8 44. Qxb8 Rxe3 45. fxe3 Qxe3+ 46. Kg2 Qe4+ 47. Kh3 Qg4+ 48. Kg2 Qe2+ 49. Kh3 Qg4+ 50. Kg2 Qe2+ 51. Kh3 Qe6+ 52. Kh2 Qe2+ 53. Kh3 1/2-1/2


[Site "http://www.Chess.com"]

[Event "FIDE World Rapid Chess Championship 2021"]
[White "Sindarov, Javokhir"]
[Black "Postny, Evgeny"]
[WhiteFideId "14205483"]
[BlackFideId "2804344"]
[WhiteElo "2353"]
[BlackElo "2454"]
[Result "1-0"]
[Round "10"]
[TimeControl "900+10"]
[Date "2021.12.28"]
[WhiteClock "0:08:27"]
[BlackClock "0:10:11"]

1. Nf3 d5 2. g3 c6 3. Bg2 Bg4 4. O-O Nd7 5. d3 Ngf6 6. Nbd2 e5 7. e4 dxe4 8. dxe4 Be7 9. Qe1 h6 10. b3 Be6 11. Bb2 Qc7 12. Nh4 O-O-O 13. Qe2 Bg4 14. Bf3 Bh3 15. Rfd1 g6 16. a4 Nh7 17. Bg2 Be6 18. Nhf3 Ng5 19. Nc4 Nxf3+ 20. Bxf3 h5 21. a5 Kb8 22. Rxd7 Qxd7 23. Bxe5+ Kc8 24. Nb6+ axb6 25. axb6 Qe8 26. Ra8+ Kd7 27. Qd3+ Bd5 28. exd5 Bc5 29. dxc6+ Ke6 30. Bxh8 1-0


[Site "http://www.Chess.com"]